Cogmind - Beta 12 @@@ ROGUE MODE // 2023.09.20 @ 09:31:04 Player: Zirov Result: Self-destructed Performance ------------- Evolutions (1) 500 Regions Visited (2) 400 Robots Destroyed (36) 180 Value Destroyed (743) 743 Prototype IDs (4) 80 Alien Tech Used (0) 0 Bonus (0) 0 TOTAL SCORE: 1903 Bonus ------- None Cogmind --------- Core Integrity 288/400 Matter 300/300 Energy 265/265 System Corruption 5% Temperature Cool (0) Movement Walking (120) Location -9/Materials Parts ------- > --- POWER (1) -------- Improved Ion Engine > --- PROPULSION (3) --- Aluminum Leg Aluminum Leg Aluminum Leg > --- UTILITY (2) ------ Cooling System Medium Storage Unit > --- WEAPON (3) ------- Medium Laser Beam Rifle Grenade Launcher > --- INVENTORY (10) --- Light Ion Engine Heat Sink Heat Sink Sensor Array Signal Interpreter Seismic Detector Hacking Suite Improved Assault Rifle Hammer Peak State ------------ > --- POWER ------------ Improved Ion Engine > --- PROPULSION ------- Aluminum Leg Aluminum Leg Aluminum Leg > --- UTILITY ---------- Cooling System Medium Storage Unit > --- WEAPON ----------- Medium Laser Medium Laser Beam Rifle > --- INVENTORY -------- Light Ion Engine Heat Sink Heat Sink Sensor Array Signal Interpreter Seismic Detector Hacking Suite Improved Assault Rifle Grenade Launcher Hammer [Rating: 13] Favorites ----------- Power Ion Engine Engine Ion Engine Propulsion Aluminum Leg Leg Aluminum Leg Utility Small Storage Unit Device Seismic Detector Storage Small Storage Unit Weapon Medium Laser Energy Gun Medium Laser Launcher Grenade Launcher Build | -11 -10 -9 ------- Run | Jun Mat Mat Slots Evolved 2 | . . 2 Power . | . . . Propulsion 1 | . . 1 Utility . | . . . Weapon 1 | . . 1 Parts Attached 26 | 7 7 12 Power 3 | 1 1 1 Engine 3 | 1 1 1 Core . | . . . Reactor . | . . . Propulsion 6 | 2 2 2 Treads . | . . . Leg 6 | 2 2 2 Wheel . | . . . Hover . | . . . Flight . | . . . Utility 7 | 2 . 5 Device 5 | 1 . 4 Storage 2 | 1 . 1 Processor . | . . . Hackware . | . . . Protection . | . . . Artifact . | . . . Weapon 10 | 2 4 4 Energy Gun 9 | 2 4 3 Energy Cannon . | . . . Ballistic Gun . | . . . Ballistic Cannon . | . . . Launcher 1 | . . 1 Special Weapon . | . . . Impact Weapon . | . . . Slashing Weapon . | . . . Piercing Weapon . | . . . Special Melee Weapon . | . . . Unidentified Prototypes . | . . . Corrupted Parts 1 | . 1 . System Corruption 5 | . 5 . Parts Lost 3 | . 1 2 Power . | . . . Propulsion 1 | . . 1 Utility . | . . . Weapon 2 | . 1 1 Highest Loss Streak 2 | . 1 2 To Critical Strikes . | . . . Average Slot Usage (%) 99 | . 100 98 Engine 12 | . 14 11 Leg 29 | . 28 32 Device 12 | . 14 11 Storage 12 | . 14 11 Energy Gun 29 | . 28 31 Naked Turns . | . . . Heaviest Build 27 | 15 15 27 Greatest Support 30 | 20 20 30 Greatest Overweight (x) 1 | . . 1 Average Overweight (x) . | . . . Largest Inventory Capacity 10 | 8 8 10 Average Capacity 8 | 7 8 9 Most Carried 10 | 2 8 10 Average Carried 6 | 1 5 8 Final Capacity 10 | 8 8 10 Final Carried 9 | 2 8 9 Class Distribution -------------------- 49% | Mutant 27% | Scavenger-Gunner 23% | Scavenger-Mutant Dominant Class ---------------- Mutant | -10/Materials Scavenger-Gunner | -9/Materials Resources | -11 -10 -9 ----------- Run | Jun Mat Mat Matter Collected 527 | 270 77 180 Remotely . | . . . Salvage Created 921 | 68 406 447 Parts 75 | 8 25 42 Haulers Intercepted 1 | . 1 . Recyclers Shooed 2 | . 2 . Parts Field Recycled . | . . . Retrieved Matter . | . . . Parts Self-Destructed . | . . . Prevented . | . . . Kills | -11 -10 -9 ------- Run | Jun Mat Mat Combat Hostiles Destroyed 26 | . 9 17 Guns 17 | . 9 8 AOE 7 | . . 7 Classes Destroyed 8 | 1 4 3 Tunneler 3 | 3 . . Hauler 1 | . 1 . Operator 1 | . . 1 Watcher 5 | . 3 2 Swarmer 13 | . 3 10 Grunt 9 | . 6 3 Brawler 2 | . . 2 Sentry 2 | . . 2 Best Kill Streak 11 | 2 4 11 Combat Bots Only 11 | . 4 11 Max Kills in Single Turn 5 | 2 1 5 Gunslinging . | . . . Exploded 5 | . . 5 Melee . | . . . Uniques/NPCs Destroyed . | . . . Combat | -11 -10 -9 -------- Run | Jun Mat Mat Damage Taken 924 | . 353 571 Core 206 | . 94 112 Absorbed by Shields . | . . . Core Remaining (%) 81 | 100 62 . Volleys Fired 99 | 9 49 41 Largest 3 | 2 2 3 Hottest 156 | 100 100 156 Shots Fired 221 | 18 95 108 Gun 219 | 18 95 106 Cannon . | . . . Launcher 2 | . . 2 Special . | . . . Kinetic . | . . . Thermal 175 | 18 62 95 Explosive 2 | . . 2 Electromagnetic 44 | . 33 11 Robot Hit Streak 9 | 3 7 9 Robot Miss Streak 4 | 2 4 3 Penetration Max . | . . . Secondary Targets 2 | . 1 1 Max Gunslinging Chain 1 | . 1 1 Shots Hit Robots 128 | 8 62 58 Core Hits 53 | 4 21 28 Critical Kills . | . . . Critical Parts Destroyed . | . . . Critical Strikes 9 | 2 1 6 Burn 8 | 2 . 6 Corrupt 1 | . 1 . Melee Attacks . | . . . Impact . | . . . Slashing . | . . . Piercing . | . . . Sneak Attacks . | . . . Combat Hostiles . | . . . Follow-up Attacks . | . . . Damage Inflicted 2121 | 126 902 1093 Guns 1674 | 126 795 753 Cannons . | . . . Explosions 447 | . 107 340 Melee . | . . . Ramming . | . . . Kinetic . | . . . Thermal 1432 | 126 622 684 Explosive 340 | . . 340 Electromagnetic 349 | . 280 69 Impact . | . . . Slashing . | . . . Piercing . | . . . Highest Corruption 5 | . 5 5 Average Corruption 5 | . 5 5 Corruption Purged . | . . . Corruption Blocked . | . . . Effects 5 | . 5 . Message Errors 1 | . 1 . Matter Fused 2 | . 2 . Data Loss (minor) 1 | . 1 . Weapon Failures 1 | . 1 . Overload Shots . | . . . Overflow Damage 2 | . . 2 Projectiles . | . . . Explosions 2 | . . 2 Melee . | . . . Knockbacks . | . . . Impact . | . . . Kinetic . | . . . Secondary . | . . . Self-Inflicted Damage . | . . . Shots . | . . . Rammed . | . . . Targets Rammed . | . . . Kicked . | . . . Crushed . | . . . Highest Temperature 334 | 234 204 334 Average Temperature 90 | 100 71 120 Received Heat Transfer 318 | . 198 120 Effects 2 | 1 . 1 Interference 1 | 1 . . Matter Decay 1 | . . 1 Siege Activations . | . . . Robots Corrupted . | . . . Combat Hostiles . | . . . Parts Fried . | . . . Impact Corruptions . | . . . Robots Melted 2 | . . 2 Combat Hostiles 2 | . . 2 Parts Melted 3 | 1 . 2 Heat Transferred 4494 | 518 1571 2405 Parts Sabotaged . | . . . Parts Stolen . | . . . Parts Stripped . | . . . Power Chain Reactions 1 | . 1 . Missiles Intercepted . | . . . Alert | -11 -10 -9 ------- Run | Jun Mat Mat Peak Influence 337 | 15 248 337 Initial 65 | . 9 65 Average 125 | 4 116 167 Maximum Alert Level 1 | . 1 1 Low Security (%) 83 | 100 90 67 Level 1 16 | . 9 32 Level 2 . | . . . Level 3 . | . . . Level 4 . | . . . Level 5 . | . . . High Security . | . . . Max Security . | . . . Squads Dispatched 1 | . 1 . Investigation 1 | . 1 . Extermination . | . . . Reinforcement . | . . . Assault . | . . . Garrison . | . . . Intercept . | . . . Searches Triggered . | . . . Construction Impeded . | . . . Haulers Reinforced . | . . . Active Scanning Responses . | . . . Cargo Convoy Interrupts . | . . . Stealth | -11 -10 -9 --------- Run | Jun Mat Mat Distress Signals 2 | . 1 1 Communications Jammed . | . . . Distress Signals . | . . . Times Spotted 43 | . 18 25 Peak Tracking Total 11 | . 3 11 Tactical Retreats 3 | . 3 . Traps | -11 -10 -9 ------- Run | Jun Mat Mat Traps Triggered . | . . . Indirectly . | . . . Trap Hack Attempts . | . . . Triggered . | . . . Disarmed . | . . . Reprogrammed . | . . . Reused . | . . . Traps Extracted . | . . . Installed . | . . . Triggered . | . . . Machines | -11 -10 -9 ---------- Run | Jun Mat Mat Machines Disabled . | . . . Max in Single Turn . | . . . Machines Repaired . | . . . Machines Sabotaged . | . . . Overloaded Fab Kills . | . . . Hacking | -11 -10 -9 --------- Run | Jun Mat Mat Machines Accessed 12 | . 9 3 Terminals 9 | . 7 2 Fabricators . | . . . Repair Stations . | . . . Recycling Units 2 | . 2 . Scanalyzers 1 | . . 1 Garrison Access . | . . . Total Hacks 32 | . 23 9 Successful 14 | . 10 4 Failed 18 | . 13 5 Catastrophic 3 | . 2 1 Database Lockouts . | . . . Manual 6 | . 4 2 Terminals 26 | . 19 7 Fabricators . | . . . Repair Stations . | . . . Recycling Units 4 | . 4 . Scanalyzers 2 | . . 2 Garrison Access . | . . . Terminal Hacks 11 | . 9 2 Prototype ID Bank 2 | . 1 1 Alert Level 1 | . 1 . Locate Traps 3 | . 3 . Hauler Manifests 1 | . 1 . Registered Components 1 | . 1 . Registered Prototypes 1 | . 1 . Zone Layout 2 | . 1 1 Fabricator Hacks . | . . . Repair Station Hacks . | . . . Recycling Unit Hacks 1 | . 1 . Report Inventory 1 | . 1 . Scanalyzer 2 | . . 2 Insert Component 1 | . . 1 Analyze 1 | . . 1 Garrison Access Hacks . | . . . Unauthorized Hacks . | . . . Terminals . | . . . Fabricators . | . . . Repair Stations . | . . . Recycling Units . | . . . Scanalyzers . | . . . Garrison Access . | . . . Data Cores Recovered 1 | . . 1 Used . | . . . Hacking Detections 11 | . 8 3 Full Trace Events 1 | . 1 . Feedback Events . | . . . Feedback Blocked . | . . . Robot Schematics Acquired . | . . . Robots Built . | . . . Authchips . | . . . Time . | . . . Total Robot Build Rating . | . . . Part Schematics Acquired 1 | . . 1 Parts Built . | . . . Authchips . | . . . Time . | . . . Total Part Build Rating . | . . . Parts Repaired . | . . . Time . | . . . Parts Recycled . | . . . Recycled Matter . | . . . Retrieved Matter . | . . . Retrieved Components . | . . . Parts Scanalyzed 1 | . . 1 Part Schematics Acquired 1 | . . 1 Parts Damaged . | . . . Bothacking | -11 -10 -9 ------------ Run | Jun Mat Mat Used RIF Installer . | . . . Robots Hacked . | . . . Non-combat . | . . . Combat . | . . . Robot Hacks Applied . | . . . Relay Couplers Released . | . . . Fabnet Peak Effective % . | . . . Robots Rewired . | . . . Allies Hacked . | . . . Hacks Repelled . | . . . Allies | -11 -10 -9 -------- Run | Jun Mat Mat Total Allies . | . . . Largest Group . | . . . Highest-Rated Group . | . . . Highest-Rated Ally . | . . . Total Orders . | . . . Ally Attacks . | . . . Total Damage . | . . . Kills . | . . . Allies Corrupted . | . . . Allies Melted . | . . . Intel | -11 -10 -9 ------- Run | Jun Mat Mat Robot Analysis Total . | . . . Derelict Logs Recovered . | . . . Drone Launches . | . . . Drone Recoveries . | . . . Exploration | -11 -10 -9 ------------- Run | Jun Mat Mat Turns Passed 1717 | 112 1046 559 Spaces Moved 1002 | 63 636 303 Core 6 | 6 . . Treads . | . . . Legs 996 | 57 636 303 Wheels . | . . . Hover . | . . . Flight . | . . . Fastest Speed 50 | 50 120 120 Average Speed 119 | 113 120 120 Slowest Speed 190 | 120 120 190 Overloaded Moves . | . . . Propulsion Burnouts . | . . . Robots Hopped . | . . . Cave-ins Triggered . | . . . Exploration Rate (%) 41 | 5 89 31 Regions Visited 2 Branch Regions . Pre-discovered Areas . | . . . Known Exits Taken . | . . . Unknown Exits Taken 2 | 1 1 . Scrap Searched . | . . . Spaces Dug . | . . . Terrain Destroyed 7 | . 3 4 Melee . | . . . Projectile . | . . . AOE 7 | . 3 4 Terrain Rammed . | . . . Walls Destroyed . | . . . Machines Disabled . | . . . Actions | -11 -10 -9 --------- Run | Jun Mat Mat Total 1312 | 82 824 406 Wait 165 | 2 121 42 Move 1000 | 62 635 303 Hop . | . . . Pick Up 13 | 2 7 4 Fast Attach 12 | 7 2 3 Attach 4 | . 1 3 Detach . | . . . Swap 10 | . 4 6 Drop 9 | . 5 4 Fire 99 | 9 49 41 Melee . | . . . Ram . | . . . Kick . | . . . Crush . | . . . Escape Stasis . | . . . Rewire . | . . . Trap . | . . . Miscellaneous . | . . . Route ------- -11/Junkyard -10/Materials (discovered 4 exits: *Mat x3 / [*Min]) -9/Materials (discovered 1 exit: [*Min]) History --------- Turn | Location | Event 6 | -11/Junkyard | Discovered new exit (range 15) 113 | -11/Junkyard | Entered Materials 313 | -10/Materials | Build established: Mutant 392 | -10/Materials | Discovered new exit (range 6) 475 | -10/Materials | Discovered new exit (range 14) 640 | -10/Materials | Discovered new exit (range 9) 1081 | -10/Materials | Discovered new exit (range 16) 1155 | -10/Materials | Build established: Scavenger-Mutant 1159 | -10/Materials | Entered another Materials area 1159 | -9/Materials | Evolved 2 slots: Propulsion x1, Weapon x1 1170 | -9/Materials | Discovered new exit (range 19) 1467 | -9/Materials | Build established: Scavenger-Gunner 1710 | -9/Materials | Destroyed 11 combat bots 1718 | -9/Materials | Self-destructed Last Messages --------------- 01665_ S-10 Pest overheating. 01666_ S-10 Pest heat spikes uncontrollably. 01666_ S-10 Pest overheating. 01667_ S-10 Pest heat damages core (-1). 01667_ S-10 Pest overheating. 01667_ S-10 Pest suffers critical hit (Burn). 01667_ Destroyed Flight Unit. 01668_ S-10 Pest critical meltdown. 01673_ S-10 Pest destroyed. 01679_ G-34 Mercenary destroyed. 01684_ Med. Laser destroyed. 01684_ System corrupted by crushing effect (+5). 01689_ B-36 Bruiser destroyed. 01691_ K-01 Serf collects debris. 01692_ Acquired 6 matter. 01693_ U-05 Engineer builds a Door. 01694_ Acquired 32 matter. 01696_ Acquired Aluminum Leg. 01701_ K-01 Serf cleans the Atomic Centrifuge. 01702_ Acquired 32 matter. Map ----- +----------------------------------------------------+ | ???????????? """ #????????????????????????????? | | ???????????? #????????????????????????????? | | ???????????? #????????????????????????????? | | ??????###### ##???????????????????????????? | | ####### % #???????????????????????????? | | *%= ????????????????????????? | | ####### ????????????????????????? | | # ]/ ????????????????????????? | | "T" # // #????????????????????????? | | # / #????????????????????????? | | " """*+% % #####????????????????????? | | " """%#[ % #????????????????????? | | " """ ### #????????????????????? | | #?# """ #????????????????????? | | #?# """ #????????????????????? | | #######?#% """ #????????????????????? | | ????????# ########?????????????? | | ????????# #?????????????? | | ????????# """ #?????????????? | | ######### """ #?????????????? | | """ [% % +?????????????? | | ########### %* = % #?????????????? | | ??????????# !=* % [ = #?????????????? | | ??????????###+####### %= #?????????????? | | ??????????# [ / #??####+##### #?????????????? | | ??????????#!=="" #??# @ * #???????????????????? | | ??????????# ""S #??# [ #???????????????????? | | ??????????# "" #??# ! #???????????????????? | | ??????????# #??# #???????????????????? | | ??????????# #??# """ #???????????????????? | | ??????????########??# """"" #???????????????????? | | #???????????????????# """"" #???????????????????? | | #???????????????????# """"" #???????????????????? | | #???????????????????# """? #???????????????????? | | #???????????????????###?????##???????????????????? | | #????????????????????????????????????????????????? | | #????????????????????????????????????????????????? | | #????????????????????????????????????????????????? | | #????????????????????????????????????????????????? | | #????????????????????????????????????????????????? | | #????????????????????????????????????????????????? | | #????????????????????????????????????????????????? | | #????????????????????????????????????????????????? | | #????????????????????????????????????????????????? | | ?????????????????????????????????????????????????? | | ?????????????????????????????????????????????????? | | ?????????????????????????????????????????????????? | | ?????????????????????????????????????????????????? | | ?????????????????????????????????????????????????? | | ?????????????????????????????????????????????????? | +----------------------------------------------------+ Best States ------------- Heat Dissipation 50 Energy Generation 12 Energy Capacity 265 Matter Stores 300 Matter Capacity 300 Sight Range 16 Terrain Scan Density 10 Evasion (%) 55 Item Schematics ----------------- Cooling System | -9/Materials | Scanalyzed Robot Schematics ------------------ None Fabricated ------------ Nothing Alien Tech Used ----------------- None Achievements -------------- Quick And Dirty Challenges ------------ None Game ------ Seed HellfireGreatChronowheel Manual? 0 Play Time 00:23:03 Cumulative 90.9 hours Start 2023.09.19 @ 17:12:52 End 2023.09.20 @ 09:31:04 Sessions 6 Manual Loads 0 Difficulty Rogue Special Mode None Game No. 99 Rogue 99 Adventurer 0 Explorer 0 Win Type - Total 0 Types 0/0/0/0/0/0/0/0/0 Lore% 35 Gallery% 39 Achievement% 30 Wizard Run 0 Options --------- ASCII 1 Keyboard 1 Movement Numpad Keybinds 0 Fullscreen 1 Font 18/SmallcapsGlow Map View 76x50 Tactical HUD 1 Map Filters NONE Filters NONE Steam 1 RUN: c2e64514-4e91-4a1c-becc-b190688ae734